[ AOE2 MATCH · #505227617 ]
UnrankedJurchens vs Aztecs
Player's team · WIN
Rival team · LOSS
[ REPLAY ANALYSIS · EXTRACTED FROM THE RECORDED GAME ]
Feudal
10:32
Castle
21:59
Imperial
—
| APM avg | 104.7 |
| APM peak | 194 |
| eAPM avg | 52.5 |
| Villagers / military | 53 / 47 |
Focus
⚔️ 74.1% · 🌾 25.9%
Archer ×22 · Militia ×9 · Cavalry Archer ×9 · Skirmisher ×7
Feudal
9:17
Castle
—
Imperial
—
| APM avg | 77.8 |
| APM peak | 114 |
| eAPM avg | 41.8 |
| Villagers / military | 54 / 33 |
Focus
⚔️ 58.4% · 🌾 41.6%
Eagle Scout ×28 · Archer ×4 · Spearman ×1
Match map
Initial resources + every placement click. Lines = walls · curves = elevation contours. ◆ gold · ⬟ stone · ● berries · ✦ relic · ◌ wall gap
Your base· ✓ Closed at 21:59 · 29t walls · 1 gate(s)
Oni.TheViper's base· Open — opponent sealed themselves in
Smoothed initial terrain · ◌ = detected wall gap · hover for details
Inputs per minute
— DS_Overtaken - - Oni.TheViper
Build order — DS_Overtaken
First 150 of 181 actions detected
| 0:00 | Create | Villager (Male) |
| 0:00 | Create | Villager (Male) |
| 0:01 | Create | Villager (Male) |
| 0:02 | Build | House |
| 0:03 | Build | House |
| 0:15 | Create | Villager (Male) |
| 1:25 | Create | Villager (Male) |
| 1:53 | Create | Villager (Male) |
| 2:15 | Create | Villager (Male) |
| 2:29 | Build | Lumber Camp |
| 2:49 | Create | Villager (Male) |
| 2:50 | Create | Villager (Male) |
| 3:11 | Create | Villager (Male) |
| 3:49 | Build | House |
| 3:56 | Create | Villager (Male) |
| 4:16 | Build | House |
| 4:20 | Build | House |
| 4:23 | Create | Villager (Male) |
| 4:53 | Create | Villager (Male) |
| 5:05 | Build | Barracks |
| 5:16 | Create | Villager (Male) |
| 5:32 | Build | House |
| 5:40 | Create | Villager (Male) |
| 5:57 | Create | Militia |
| 5:58 | Create | Militia |
| 6:07 | Create | Villager (Male) |
| 6:31 | Create | Villager (Male) |
| 6:41 | Build | Mill |
| 6:54 | Create | Villager (Male) |
| 6:56 | Create | Villager (Male) |
| 7:39 | Build | Mining Camp |
| 7:46 | Create | Villager (Male) |
| 7:57 | Research | Loom |
| 7:57 | Research | Loom |
| 7:57 | Research | Loom |
| 7:57 | Research | Loom |
| 8:10 | Research | Feudal Age |
| 8:10 | Research | Feudal Age |
| 8:10 | Research | Feudal Age |
| 8:26 | Create | Militia |
| 8:45 | Create | Militia |
| 8:58 | Build | Palisade Wall |
| 9:37 | Create | Villager (Male) |
| 9:50 | Build | Palisade Wall |
| 9:54 | Create | Villager (Male) |
| 9:58 | Build | House |
| 10:07 | Create | Villager (Male) |
| 10:32 | Age | Feudal Age |
| 10:33 | Research | Man-at-Arms (upgrade) |
| 10:34 | Research | Man-at-Arms (upgrade) |
| 10:37 | Create | Villager (Male) |
| 10:37 | Create | Villager (Male) |
| 10:38 | Build | Archery Range |
| 10:51 | Create | Villager (Male) |
| 10:52 | Build | Farm |
| 11:07 | Build | Farm |
| 11:08 | Create | Villager (Male) |
| 11:11 | Build | House |
| 11:31 | Create | Villager (Male) |
| 11:33 | Build | Farm |
| 11:33 | Create | Archer |
| 11:46 | Create | Archer |
| 12:00 | Create | Villager (Male) |
| 12:02 | Create | Skirmisher |
| 12:18 | Build | Palisade Wall |
| 12:19 | Build | House |
| 12:20 | Create | Villager (Male) |
| 12:21 | Build | Lumber Camp |
| 12:31 | Create | Skirmisher |
| 12:47 | Create | Villager (Male) |
| 12:55 | Create | Villager (Male) |
| 12:57 | Build | Mill |
| 13:01 | Create | Villager (Male) |
| 13:08 | Create | Archer |
| 13:13 | Research | Double-Bit Axe |
| 13:13 | Research | Double-Bit Axe |
| 13:13 | Research | Double-Bit Axe |
| 13:14 | Build | House |
| 13:28 | Create | Skirmisher |
| 13:38 | Create | Villager (Male) |
| 13:43 | Build | Blacksmith |
| 13:50 | Create | Archer |
| 13:59 | Build | Farm |
| 14:03 | Build | House |
| 14:15 | Build | House |
| 14:16 | Create | Villager (Male) |
| 14:16 | Create | Skirmisher |
| 14:24 | Build | Farm |
| 14:25 | Research | Fletching |
| 14:28 | Build | Palisade Wall |
| 14:34 | Create | Skirmisher |
| 14:35 | Create | Skirmisher |
| 14:51 | Build | Farm |
| 14:57 | Research | Padded Archer Armor |
| 14:57 | Research | Padded Archer Armor |
| 14:57 | Research | Padded Archer Armor |
| 15:00 | Create | Villager (Male) |
| 15:05 | Build | Farm |
| 15:10 | Build | Palisade Wall |
| 15:19 | Create | Villager (Male) |
| 15:20 | Build | Farm |
| 15:25 | Create | Archer |
| 15:32 | Create | Archer |
| 15:32 | Create | Villager (Male) |
| 15:54 | Create | Villager (Male) |
| 15:57 | Create | Villager (Male) |
| 15:59 | Create | Villager (Male) |
| 16:04 | Create | Villager (Male) |
| 16:06 | Build | Farm |
| 16:06 | Build | Farm |
| 16:07 | Build | Farm |
| 16:12 | Build | Farm |
| 16:24 | Research | Wheelbarrow |
| 16:37 | Create | Skirmisher |
| 16:44 | Create | Villager (Male) |
| 16:49 | Build | Farm |
| 16:52 | Create | Archer |
| 17:01 | Create | Militia |
| 17:01 | Create | Militia |
| 17:05 | Research | Scale Mail Armor |
| 17:06 | Research | Scale Mail Armor |
| 17:17 | Create | Archer |
| 17:30 | Create | Archer |
| 17:34 | Create | Villager (Male) |
| 17:35 | Build | Archery Range |
| 17:59 | Create | Villager (Male) |
| 18:08 | Build | Farm |
| 18:08 | Create | Villager (Male) |
| 18:09 | Build | Farm |
| 18:24 | Build | Palisade Gate |
| 18:34 | Create | Archer |
| 18:45 | Create | Archer |
| 18:48 | Create | Villager (Male) |
| 19:19 | Research | Castle Age |
| 19:19 | Research | Castle Age |
| 19:34 | Create | Archer |
| 19:45 | Build | Archery Range |
| 19:54 | Research | Gold Mining |
| 19:54 | Research | Gold Mining |
| 20:08 | Create | Archer |
| 20:08 | Create | Archer |
| 20:09 | Create | Militia |
| 20:27 | Build | Farm |
| 20:27 | Build | Farm |
| 20:37 | Create | Militia |
| 20:37 | Create | Militia |
| 20:38 | Create | Archer |
| 20:38 | Create | Archer |
| 20:41 | Create | Archer |
| 20:47 | Create | Villager (Male) |
Build order — Oni.TheViper
150 actions detected in the replay
| 0:00 | Create | Villager (Male) |
| 0:01 | Create | Villager (Male) |
| 0:02 | Build | House |
| 0:02 | Build | House |
| 0:04 | Create | Villager (Male) |
| 0:05 | Create | Villager (Male) |
| 1:32 | Create | Villager (Male) |
| 1:45 | Build | Lumber Camp |
| 1:50 | Create | Villager (Male) |
| 2:11 | Create | Villager (Male) |
| 2:37 | Create | Villager (Male) |
| 3:02 | Create | Villager (Male) |
| 3:29 | Create | Villager (Male) |
| 3:49 | Build | House |
| 3:49 | Build | House |
| 3:59 | Create | Villager (Male) |
| 4:15 | Create | Villager (Male) |
| 4:16 | Create | Villager (Male) |
| 4:47 | Create | Villager (Male) |
| 4:56 | Build | Mill |
| 5:01 | Create | Villager (Male) |
| 5:09 | Create | Villager (Male) |
| 5:22 | Create | Villager (Male) |
| 5:59 | Create | Villager (Male) |
| 6:09 | Research | Loom |
| 6:42 | Create | Villager (Male) |
| 7:07 | Research | Feudal Age |
| 7:18 | Build | Lumber Camp |
| 7:56 | Create | Villager (Male) |
| 8:05 | Build | Barracks |
| 8:47 | Build | Mining Camp |
| 9:17 | Age | Feudal Age |
| 9:20 | Build | Archery Range |
| 9:21 | Create | Villager (Male) |
| 9:30 | Build | Palisade Wall |
| 9:31 | Create | Villager (Male) |
| 9:34 | Create | Villager (Male) |
| 9:36 | Create | Villager (Male) |
| 9:39 | Build | Palisade Wall |
| 9:39 | Create | Villager (Male) |
| 9:41 | Build | Palisade Wall |
| 9:41 | Create | Villager (Male) |
| 9:52 | Research | Double-Bit Axe |
| 9:54 | Build | Palisade Wall |
| 9:56 | Build | Palisade Wall |
| 9:59 | Build | Palisade Wall |
| 10:00 | Build | Palisade Wall |
| 10:06 | Create | Villager (Male) |
| 10:09 | Build | Palisade Wall |
| 10:12 | Create | Archer |
| 10:16 | Create | Villager (Male) |
| 10:38 | Create | Archer |
| 10:51 | Create | Villager (Male) |
| 11:00 | Build | House |
| 11:04 | Create | Archer |
| 11:08 | Research | Wheelbarrow |
| 11:24 | Create | Villager (Male) |
| 11:36 | Create | Archer |
| 11:43 | Build | Farm |
| 11:44 | Build | Farm |
| 11:44 | Build | Farm |
| 11:56 | Create | Eagle Scout |
| 12:08 | Create | Villager (Male) |
| 12:12 | Build | House |
| 12:18 | Research | Horse Collar |
| 12:30 | Create | Eagle Scout |
| 12:58 | Build | Barracks |
| 13:00 | Create | Eagle Scout |
| 13:10 | Create | Villager (Male) |
| 13:14 | Build | House |
| 13:25 | Create | Villager (Male) |
| 13:46 | Create | Villager (Male) |
| 13:46 | Create | Eagle Scout |
| 13:51 | Build | Barracks |
| 13:53 | Create | Eagle Scout |
| 14:03 | Create | Villager (Male) |
| 14:07 | Build | Farm |
| 14:15 | Create | Villager (Male) |
| 14:18 | Create | Spearman |
| 14:24 | Build | House |
| 14:29 | Create | Eagle Scout |
| 14:32 | Create | Villager (Male) |
| 14:44 | Create | Eagle Scout |
| 14:48 | Build | Blacksmith |
| 14:48 | Create | Eagle Scout |
| 15:08 | Create | Villager (Male) |
| 15:10 | Build | Farm |
| 15:21 | Create | Eagle Scout |
| 15:28 | Create | Eagle Scout |
| 15:31 | Build | House |
| 15:40 | Create | Villager (Male) |
| 15:50 | Create | Eagle Scout |
| 15:50 | Create | Eagle Scout |
| 15:53 | Create | Villager (Male) |
| 16:04 | Build | House |
| 16:07 | Build | Farm |
| 16:08 | Build | Farm |
| 16:09 | Build | Farm |
| 16:09 | Create | Villager (Male) |
| 16:11 | Build | Farm |
| 16:17 | Research | Scale Mail Armor |
| 16:36 | Build | Farm |
| 16:36 | Create | Villager (Male) |
| 16:38 | Create | Villager (Male) |
| 16:39 | Build | Farm |
| 16:46 | Build | House |
| 17:04 | Create | Eagle Scout |
| 17:04 | Create | Eagle Scout |
| 17:24 | Create | Villager (Male) |
| 17:36 | Create | Villager (Male) |
| 17:41 | Create | Villager (Male) |
| 17:58 | Create | Villager (Male) |
| 18:14 | Create | Villager (Male) |
| 18:18 | Build | Market |
| 18:22 | Create | Villager (Male) |
| 18:34 | Build | Farm |
| 18:36 | Build | Farm |
| 18:36 | Build | Farm |
| 18:40 | Build | Market |
| 18:45 | Create | Eagle Scout |
| 18:45 | Create | Eagle Scout |
| 18:45 | Create | Eagle Scout |
| 18:51 | Build | Mining Camp |
| 18:59 | Build | Farm |
| 19:00 | Create | Eagle Scout |
| 19:00 | Create | Eagle Scout |
| 19:00 | Create | Eagle Scout |
| 19:05 | Research | Forging |
| 19:08 | Create | Eagle Scout |
| 19:11 | Build | Farm |
| 19:12 | Build | Farm |
| 19:25 | Create | Eagle Scout |
| 19:32 | Create | Villager (Male) |
| 19:34 | Create | Villager (Male) |
| 19:52 | Create | Villager (Male) |
| 20:03 | Create | Eagle Scout |
| 20:04 | Create | Eagle Scout |
| 20:22 | Create | Villager (Male) |
| 21:21 | Research | Castle Age |
| 21:31 | Create | Eagle Scout |
| 21:34 | Create | Eagle Scout |
| 21:41 | Create | Eagle Scout |
| 21:53 | Research | Gold Mining |
| 21:58 | Create | Eagle Scout |
| 22:00 | Build | Farm |
| 22:34 | Build | Farm |
| 22:35 | Build | Farm |
| 22:39 | Create | Villager (Male) |
| 22:40 | Build | House |
| 22:49 | Build | Farm |
Match timeline
| 5:05 | DS_Overtaken · first_building Barracks |
| 8:05 | Oni.TheViper · first_building Barracks |
| 8:58 | DS_Overtaken · wall_segment Palisade Wall x10 |
| 9:17 | Oni.TheViper · age_up feudal |
| 9:20 | Oni.TheViper · first_building Archery Range |
| 9:30 | Oni.TheViper · wall_segment Palisade Wall x3 |
| 9:39 | Oni.TheViper · wall_segment Palisade Wall x3 |
| 9:41 | Oni.TheViper · wall_segment Palisade Wall x3 |
| 9:50 | DS_Overtaken · wall_segment Palisade Wall x1 |
| 9:54 | Oni.TheViper · wall_segment Palisade Wall x1 |
| 9:56 | Oni.TheViper · wall_segment Palisade Wall x1 |
| 9:59 | Oni.TheViper · wall_segment Palisade Wall x1 |
| 10:00 | Oni.TheViper · wall_segment Palisade Wall x1 |
| 10:09 | Oni.TheViper · wall_segment Palisade Wall x1 |
| 10:32 | DS_Overtaken · age_up feudal |
| 10:38 | DS_Overtaken · first_building Archery Range |
| 12:18 | DS_Overtaken · wall_segment Palisade Wall x1 |
| 14:28 | DS_Overtaken · wall_segment Palisade Wall x16 |
| 15:10 | DS_Overtaken · wall_segment Palisade Wall x1 |
| 19:54 | Oni.TheViper · first_market_sell 100 stone |
| 19:55 | Oni.TheViper · first_market_buy 100 food |
| 21:20 | DS_Overtaken · first_building Stable |
| 21:59 | DS_Overtaken · age_up castle |
| 23:10 | Oni.TheViper · resign |
[ AI ANALYSIS · 1 CREDIT ]
What really happened in this match?
Wolo.gg analyzes every decision: build order, eco, micro, common mistakes by bracket. Personalized analysis on WhatsApp or Discord in 30 seconds.
Civ guide
Jurchens
Perfil
Jugador #4632681